 Dungeon Crawl Stone Soup version 0.21.1-1-g345015f (webtiles) character file.

865 npr the Skirmisher (level 7, -3/93 HPs)
             Began as a Minotaur Berserker on Mar 20, 2018.
             Was a Priest of Trog.
             Slain by a centaur (5 damage)
             ... on level 5 of the Dungeon on Mar 21, 2018.
             The game lasted 00:27:17 (3263 turns).

npr the Skirmisher (Minotaur Berserker)             Turns: 3263, Time: 00:27:17

Health: -3/93      AC: 23    Str: 24      XL:     7   Next: 72%
Magic:  6/6        EV:  2    Int:  4      God:    Trog [***...]
Gold:   103        SH:  0    Dex:  6 (9)  Spells: 6/6 levels left

rFire    . . .     SeeInvis .   s - -3 shortbow (curse)
rCold    . . .     Gourm    .   (shield currently unavailable)
rNeg     + + +     Faith    .   (armour currently unavailable)
rPois    +         Spirit   .   (helmet currently unavailable)
rElec    .         Reflect  .   (cloak currently unavailable)
rCorr    .         Harm     .   (gloves currently unavailable)
MR       .....     NoTele   +   (boots currently unavailable)
Stlth    +.........             (no amulet)
HPRegen  0.25/turn              (no ring)
MPRegen  0.10/turn              (no ring)

@: tree-form, berserk cooldown, slowed, very slow
A: (retaliatory headbutt)
a: Berserk, Trog's Hand, Burn Spellbooks, Renounce Religion


You were on level 5 of the Dungeon.
You worshipped Trog.
Trog was most pleased with you.
You were not hungry.
You were a tree.
You visited 1 branch of the dungeon, and saw 5 of its levels.

You collected 103 gold pieces.

Inventory:

Hand Weapons
 a - a +0 spear
 d - a -1 mace
 g - a +0 club
 k - a +1 trident
 p - a +0 giant club
 r - a cursed -2 giant club
 s - a cursed -3 shortbow (weapon)
 u - a +0 flail
Missiles
 o - 2 tomahawks
 q - 21 sling bullets
 t - 35 arrows (quivered)
Armour
 b - a +0 animal skin
 c - a +0 cloak (melded)
 e - a +1 scale mail (melded)
 f - a +0 leather armour
 h - a +0 ring mail
 n - a +2 robe of magic resistance
Wands
 v - a wand of digging (13)
Scrolls
 l - a scroll of teleportation
Comestibles
 j - 5 rations


   Skills:
 + Level 5.7 Fighting
 + Level 5.2 Maces & Flails
 + Level 5.1 Polearms
 + Level 0.3 Bows
 + Level 5.3 Armour
 + Level 4.5 Dodging
 + Level 1.0 Stealth


You had 6 spell levels left.
You didn't know any spells.

Dungeon Overview and Level Annotations

Branches:
Dungeon (5/15)
 Temple: D:4-7

Altars:
Fedhas
Ru

Annotations:
D:5 Edmund


Innate Abilities, Weirdness & Mutations

((You reflexively headbutt those who attack you in melee.))
((You have a pair of horns on your head.))


Message History

You cannot move.
You swing at nothing.
You hear the slow rusting of a distant drain.
You hear the slow hiss of a distant avalanche of sand.
The centaur barely misses you.
The centaur hits you but does no damage.
Edmund hits you but does no damage. The centaur hits you.
* * * LOW HITPOINT WARNING * * *
Edmund asks, "Have you met my wondrous brother?"
Edmund hits you with a dire flail of protection.
* * * LOW HITPOINT WARNING * * *
The crimson imp grins evilly.
The crimson imp blinks!
The centaur hits you but does no damage.
You swing at nothing.
The centaur hits you but does no damage.
Edmund hits you with a dire flail of protection.
* * * LOW HITPOINT WARNING * * *
The centaur hits you.
You die...

... ..# ..# ..# ##..##
#####.....
#########.....#
####....#...(.(@c#####
[.....8...8.†.8.♣....#
.###....#...#....##.#...
# #.#.###.###...# .# ##
#....#...#....# # <#
#..8...8.5.8...#
.###....#...#......#
.5.....###.###.....#
..##....#...#......
.###..8...8...


You could see Edmund, a centaur and a crimson imp.

Vanquished Creatures
  3 ogres (D:4)
  A centaur (D:4)
  2 bullfrogs
  A scorpion (D:4)
  A quasit (D:5)
  A bullfrog skeleton (D:4)
  3 hounds
  An orc priest (D:4)
  2 worker ants (D:4)
  A hound skeleton (D:4)
  A worker ant zombie (D:5)
  3 adders
  2 worms (D:4)
  2 dart slugs (D:3)
  9 orcs
  2 ball pythons (D:1)
  3 giant cockroaches
  4 goblins
  8 hobgoblins
  4 jackals (D:3)
  A quokka (D:3)
  5 bats
  2 frilled lizards (D:1)
  A giant cockroach zombie (D:5)
  6 kobolds (D:1)
  A leopard gecko skeleton (D:3)
  5 rats
75 creatures vanquished.

Vanquished Creatures (others)
  A centaur skeleton (D:5)
1 creature vanquished.

Grand Total: 76 creatures vanquished

Notes
Turn   | Place    | Note
-------+----------+-------------------------------------------
     0 | D:1      | npr the Minotaur Berserker began the quest for the Orb.
     0 | D:1      | Reached XP level 1. HP: 19/19 MP: 0/0
   476 | D:1      | Reached XP level 2. HP: 27/27 MP: 1/1
  1084 | D:1      | Reached ** piety under Trog
  1088 | D:1      | Reached XP level 3. HP: 34/34 MP: 2/2
  1630 | D:3      | Found a sacrificial altar of Ru.
  1805 | D:3      | Noticed a bullfrog
  1809 | D:3      | Killed a bullfrog
  1809 | D:3      | Reached skill level 5 in Fighting
  1809 | D:3      | Reached skill level 1 in Maces & Flails
  1809 | D:3      | Reached XP level 4. HP: 42/42 MP: 3/3
  1924 | D:4      | Reached XP level 5. HP: 47/48 MP: 4/4
  2023 | D:4      | Reached XP level 6. HP: 56/56 MP: 5/5
  2490 | D:4      | Reached XP level 7. HP: 61/61 MP: 6/6
  2726 | D:4      | Reached skill level 5 in Polearms
  2837 | D:4      | Reached skill level 5 in Maces & Flails
  2837 | D:4      | Reached skill level 5 in Armour
  2837 | D:4      | Reached skill level 1 in Stealth
  3184 | D:5      | Entered Level 5 of the Dungeon
  3191 | D:5      | Found a blossoming altar of Fedhas.
  3236 | D:5      | Reached *** piety under Trog
  3241 | D:5      | Noticed Edmund
  3263 | D:5      | HP: 2/93 [Edmund/dire flail of protection (5)]
  3263 | D:5      | Slain by a centaur

Skill      XL: |  1  2  3  4  5  6  7 |
---------------+----------------------+-----
Fighting       | 4 5 |  5.7
Polearms       | 4 5 |  5.1
Maces & Flails | 1 2 4 5 |  5.2
Armour         | 3 4 5 |  5.3
Dodging        | 3 4 |  4.5
Stealth        | 1 |  1.0
Bows           | |  0.3

Action                   |  1- 3 |  4- 6 |  7- 9 || total
-------------------------+-------+-------+-------++-------
Melee: Mace              |    79 |    47 |       ||   126
       Headbutt          |    18 |    13 |     8 ||    39
       Spear             |     2 |       |       ||     2
       Trident           |       |     9 |       ||     9
       Shortbow          |       |       |    42 ||    42
 Fire: Shortbow          |       |       |     3 ||     3
Invok: Berserk           |     5 |     4 |     2 ||    11
       Trog's Hand       |       |       |     1 ||     1
  Use: Potion            |     2 |       |     4 ||     6
       Scroll            |     4 |     2 |       ||     6
  Eat: Ration            |     1 |       |     2 ||     3
       Chunk             |     4 |     5 |     1 ||    10
Armor: Scale mail        |    33 |    19 |    64 ||   116
       Skin              |       |       |    20 ||    20
Dodge: Dodged            |    73 |    40 |    90 ||   203
